 Dungeon Crawl Stone Soup version 0.25-a0-663-gace7076 (webtiles) character file.

Game seed: 578260025211656966, levelgen mode: deterministic

143 Faca the Skirmisher (level 5, -1/43 HPs)
             Began as a Human Fighter on Mar 25, 2020.
             Splashed by a jelly's acid (8 damage)
             ... on level 4 of the Dungeon.
             The game lasted 00:04:08 (3654 turns).

Faca the Skirmisher (Human Fighter)                 Turns: 3654, Time: 00:04:08

Health: -1/43      AC: -1    Str: 18    XL:     5   Next: 50%
Magic:  5/5        EV:  7    Int:  8    God:
Gold:   53         SH: 10    Dex: 12    Spells: 4/4 levels left

rFire    . . .     SeeInvis .   a - +0 long sword
rCold    . . .     Gourm    .   c - +1 kite shield
rNeg     . . .     Faith    .   b - +0 scale mail
rPois    .         Spirit   .   (no helmet)
rElec    .         Reflect  .   (no cloak)
rCorr    .         Harm     .   (no gloves)
MR       .....                  (no boots)
Stlth    ..........             (no amulet)
HPRegen  0.14/turn              (no ring)
MPRegen  0.09/turn              (no ring)

@: corroded
A: no striking features
a: no special abilities


You were on level 4 of the Dungeon.
You were not hungry.

You visited 1 branch of the dungeon, and saw 4 of its levels.

You collected 53 gold pieces.

Inventory:

Hand Weapons
 a - a +0 long sword (weapon)
Armour
 b - a +0 scale mail (worn)
 c - a +1 kite shield (worn)
Jewellery
 o - an uncursed ring of magical power {unknown}
Wands
 g - a wand of disintegration (15)
Scrolls
 e - 2 scrolls of remove curse
 i - a scroll of magic mapping
Potions
 d - a potion of might
 h - a potion of degeneration {unknown}
 j - 3 potions of heal wounds {unknown}
 l - a potion of curing {unknown}
Comestibles
 f - 4 rations


   Skills:
 + Level 4.3 Fighting
 + Level 3.9 Long Blades
 - Level 3.0 Armour
 - Level 1.0 Dodging
 - Level 0.1 Stealth
 - Level 3.0 Shields


You had 4 spell levels left.
You didn't know any spells.
Your spell library was empty.

Dungeon Overview and Level Annotations

Branches:
Dungeon (4/15)
 Temple: D:4-7

Altars:
Uskayaw
Yredelemnul
The Shining One


Message History

The frilled lizard bites you.
You hit the jelly. The acid corrodes you!
Your hands burn!
The jelly is lightly wounded.
You block the frilled lizard's attack. The jelly hits you.
You are splashed with acid.
You block the frilled lizard's attack.
You hit the jelly.
Your hands burn!
The jelly is heavily wounded.
You block the jelly's attack. The frilled lizard bites you.
You hit the jelly but do no damage.
Your hands burn!
The jelly is heavily wounded.
The jelly hits you.
You are splashed with acid!
* * * LOW HITPOINT WARNING * * *
You block the frilled lizard's attack.
You are too injured to fight recklessly!
You are too injured to fight recklessly!
You are too injured to fight recklessly!
The jelly hits you.
* * * LOW HITPOINT WARNING * * *
The acid corrodes you!
You are splashed with acid!
You die...

#.## .#
#.##....#..
#.#.......#
..........###
#.#.........
##.##......#
#......?#.#####.
#......Jl.......
.###..@..#####.
#...........
#.....#####.
##<..## ##.##
..# .### . #


You could see a jelly and a frilled lizard.

Vanquished Creatures
  8 adders
  An ooze (D:3)
  A worm (D:3)
  3 dart slugs
  A leopard gecko (D:3)
  An orc (D:3)
  A giant cockroach (D:3)
  8 goblins
  9 hobgoblins
  5 quokkas
  5 bats
  4 frilled lizards
  4 kobolds
  6 rats
57 creatures vanquished.

Notes
Turn   | Place    | Note
-------+----------+-------------------------------------------
     0 | D:1      | Faca the Human Fighter began the quest for the Orb.
     0 | D:1      | Reached XP level 1. HP: 18/18 MP: 1/1
   117 | D:1      | Reached XP level 2. HP: 14/24 MP: 2/2
   693 | D:1      | Reached XP level 3. HP: 29/29 MP: 3/3
  1556 | D:2      | Reached XP level 4. HP: 16/37 MP: 4/4
  1760 | D:2      | Found a glowing golden altar of the Shining One.
  1982 | D:2      | Found a basalt altar of Yredelemnul.
  1982 | D:2      | Found a hide-covered altar of Uskayaw.
  2105 | D:2      | Reached skill level 1 in Dodging
  2911 | D:3      | Reached skill level 4 in Fighting
  2911 | D:3      | Reached XP level 5. HP: 36/42 MP: 5/5
  3654 | D:4      | Splashed by a jelly's acid

Levels and vault maps discovered:
D:1:      dpeg_arrival_pond, layout_loops_corners
D:2:      layout_rooms, gammafunk_temple_overflow_wave, kennysheep_cross_room,
          nicolae_tso_carved_into_rock
D:3:      kennysheep_big_flooded_room, layout_basic
D:4:      layout_loops_ring, evilmike_ruin_ashenzari,
          lemuel_coloured_pillars_altar, zin_statuary, minmay_manual_mess

Skill      XL: |  1  2  3  4 |
---------------+-------------+-----
Long Blades    | 3 |  3.9
Dodging        | 1 |  1.0
Fighting       | 4 |  4.3
Armour         | |  3.0
Stealth        | |  0.1
Shields        | |  3.0

Action                   |  1- 3 |  4- 6 || total
-------------------------+-------+-------++-------
Melee: Long sword        |   114 |   139 ||   253
  Use: Scroll            |     1 |     5 ||     6
  Eat: Chunk             |     2 |     7 ||     9
Armor: Scale mail        |    36 |    63 ||    99
Dodge: Dodged            |    37 |    37 ||    74
Block: Kite shield       |    56 |    80 ||   136
       Rpst.: Long sword |    14 |    15 ||    29

Table legend:
 A = Non-vault XP
 B = Vault XP
 C = Vault XP percentage of total XP
 D = Non-vault monster count
 E = Vault monster count
 F = Vault count percentage of total count
                 A         B        C        D         E       F
            +---------+---------+-------+---------+---------+-------
      Total |     195 |      10 |   4.9 |      55 |       2 |   3.5
            +---------+---------+-------+---------+---------+-------
        D:1 |      33 |       0 |   0.0 |      19 |       0 |   0.0
        D:2 |      63 |       0 |   0.0 |      15 |       0 |   0.0
        D:3 |      99 |      10 |   9.2 |      21 |       2 |   8.7
            +---------+---------+-------+---------+---------+-------
